Flames vs Flyers

Created - April 10, 2025 at 21:45

Goals
1 2 3 T
Flames 1 1 1 3
Flyers 0 3 3 6
Shots
1 2 3 T
Flames 8 11 12 31
Flyers 5 11 12 28

1st period

1. Flames , Brad Marchand 9 (Eric Staal 49, Sami Vatanen 43) at 0:10

Penalties :
Kasperi Kapanen (Phi) for Roughing (Minor) at 1:26, Victor Rask (Cal) for Holding (Minor) at 15:34, Brian Lashoff (Phi) for Tripping (Minor) at 17:43

2nd period

2. Flyers , Travis Konecny 26 (Jordan Nolan 54) at 0:08
3. Flyers , Travis Konecny 27 (Hampus Lindholm 52, Steve Mason) at 0:58 (PP)
4. Flames , Bryan Rust 26 (Patrik Berglund 27) at 1:10 (SH)
5. Flyers , Hampus Lindholm 7 (Kasperi Kapanen 26, Steve Mason) at 15:37 (PP)

Penalties :
Erik Johnson (Cal) for Slashing (Double Minor) at 0:41, Victor Rask (Cal) for Delaying the game (Minor) at 6:14, Jordan Nolan (Phi) for Slashing (Minor) at 10:09, Colby Robak (Cal) for Holding Stick (Minor) at 14:44, Kevin Hayes (Phi) for Hooking (Minor) at 16:16, Cal Foote (Phi) for Interference (Minor) at 19:54

3rd period

6. Flyers , Kevin Hayes 12 (Hampus Lindholm 53, Samuel Morin 15) at 0:16 (SH)
7. Flames , Bryan Rust 27 (Eric Staal 50, Jake DeBrusk 34) at 1:09 (PP)
8. Flyers , Calle Jarnkrok 16 (Samuel Morin 16) at 6:53
9. Flyers , Alexandre Grenier 7 (Cal Foote 15, Nathan Beaulieu 21) at 9:35

Penalties :
Christian Folin (Cal) for Tripping (Minor) at 1:22, Kasperi Kapanen (Phi) for Tripping (Minor) at 14:16, Nathan Beaulieu (Phi) for Slashing (Minor) at 17:10

Goalie Stats

Christopher Gibson (Cal), 13 saves from 17 shots - (0.765), L, 31-20-3, 40:16 minutes
Michael Hutchinson (Cal), 9 saves from 11 shots - (0.818), 19:44 minutes
Steve Mason (Phi), 28 saves from 31 shots - (0.903), W, 31-13-4, 60:00 minutes

Players Stats for Flames

Player Name              G  A  P  +/- PIM S  H  SB GA TA FO     MP     PP MP  PK MP  
------------------------------------------------------------------------------------
Anders Lee               0  0  0   0  0   2  0  1  0  0  1/2     9:38   0:00   1:06 
Brad Marchand            1  0  1  -1  0   3  1  0  0  0  1/2    17:04   4:37   1:01 
Bryan Rust               2  0  2  -1  0   4  0  1  2  0  0/0    23:56   8:32   5:17 
Christian Folin          0  0  0   0  2   2  0  0  1  0  0/0    15:18   0:07   2:10 
Colby Robak              0  0  0   0  2   1  0  1  0  0  0/0    12:16   0:07   2:26 
David Ullstrom           0  0  0   0  0   1  0  0  0  0  0/0    11:09   0:00   2:48 
Eric Staal               0  2  2  -2  0   2  1  0  0  0  13/26  21:35   8:32   2:48 
Erik Johnson             0  0  0  -2  4   2  2  1  1  0  0/0    27:41   8:16   4:30 
Esa Lindell              0  0  0   0  0   1  0  2  1  2  0/0    20:45   4:46   2:52 
Evgeny Svechnikov        0  0  0   0  0   0  0  0  0  0  0/0     8:38   0:13   0:00 
Jake DeBrusk             0  1  1  -1  0   3  0  1  0  0  0/0    16:58   8:19   0:00 
Jimmy Hayes              0  0  0  -1  0   1  2  0  1  1  0/1    14:22   4:37   0:00 
Kevin Labanc             0  0  0   0  0   2  1  0  0  0  0/0     9:11   0:00   0:00 
Patrik Berglund          0  1  1   0  0   0  0  0  0  0  10/20  19:36   4:37   5:12 
Rasmus Andersson         0  0  0  -1  0   1  1  0  1  1  0/0    14:31   4:46   0:00 
Sami Vatanen             0  1  1  -1  0   3  1  3  1  0  0/0    29:26   8:16   6:14 
Tanner Pearson           0  0  0  -1  0   2  1  0  1  0  0/0     9:25   0:00   0:00 
Victor Rask              0  0  0   0  4   1  1  0  0  0  4/6     9:20   0:00   0:00 

Players Stats for Flyers

Player Name              G  A  P  +/- PIM S  H  SB GA TA FO     MP     PP MP  PK MP  
------------------------------------------------------------------------------------
Alexandre Grenier        1  0  1   1  0   1  1  0  0  0  0/0     8:31   0:00   0:00 
Brian Lashoff            0  0  0   0  2   0  2  3  0  3  0/0    26:11   5:43   6:06 
Cal Foote                0  1  1   2  2   0  0  0  0  0  0/0    15:41   0:00   5:43 
Calle Jarnkrok           1  0  1   1  0   4  2  0  0  0  1/2    12:30   0:08   4:17 
Erik Karlsson            0  0  0   0  0   3  0  0  0  1  0/0    14:55   0:00   1:20 
Hampus Lindholm          1  2  3   0  0   3  3  0  1  1  0/0    28:36   5:43   7:26 
Jacob Trouba             0  0  0   0  0   2  0  1  0  1  0/0    21:46   3:23   5:43 
Jordan Nolan             0  1  1  -1  2   4  2  0  0  0  12/28  17:01   5:09   0:21 
Kasperi Kapanen          0  1  1   0  4   0  1  0  0  1  0/0    14:04   3:49   0:00 
Kevin Hayes              1  0  1   1  2   4  2  1  0  0  9/17   19:51   3:49   6:24 
Lucas Wallmarkk          0  0  0   1  0   1  1  0  0  1  1/4     8:31   0:00   0:00 
Max Pacioretty           0  0  0   0  0   0  0  0  0  1  1/1    18:28   3:49   4:42 
Michael Bournival        0  0  0   1  0   2  3  0  0  0  0/0     9:39   0:05   0:22 
Nathan Beaulieu          0  1  1   2  2   0  2  0  0  0  0/0    12:55   3:23   0:00 
Nick Ritchie             0  0  0  -1  0   0  1  1  1  0  2/3    19:27   5:12   2:41 
Niclas Bergfors          0  0  0   1  0   1  3  0  1  0  0/0     7:25   0:00   0:00 
Samuel Morin             0  2  2   2  0   0  2  1  1  0  1/1    14:59   0:00   7:31 
Travis Konecny           2  0  2  -1  0   3  2  1  0  0  1/1    16:14   5:17   0:00 

3 Stars

1 - Hampus Lindholm (Phi)
2 - Travis Konecny (Phi)
3 - Samuel Morin (Phi)

Power Play

Flames - 1 on 7 Attempt(s) - 14.29%
Flyers - 2 on 6 Attempt(s) - 33.33%

Penalty Kill

Flames - 4 on 6 Attempt(s) - 66.67% - Score 1 goal in Penalty Kill
Flyers - 6 on 7 Attempt(s) - 85.71% - Score 1 goal in Penalty Kill

Team Stat

Flames - Hits : 11 - Faceoff Wins : 29 - Blocked Shots : 10 - Penalty Minutes : 12
Flyers - Hits : 27 - Faceoff Wins : 28 - Blocked Shots : 8 - Penalty Minutes : 14

Official

Referees : Frederick L'Ecuyer and Dan O'Rourke
Linesman : Mark Shewchyk and Derek Nansen

Game Notes

Michael Hutchinson enters game at 0:16 of 3rd period

Finance

Level 1 -- Attendance: 5662 (94.37%) -- Ticket Income $566,200
Level 2 -- Attendance: 4574 (91.48%) -- Ticket Income $320,180
Level 3 -- Attendance: 2000 (100.00%) -- Ticket Income $80,000
Level 4 -- Attendance: 3582 (89.55%) -- Ticket Income $107,460
Luxury Box -- Attendance: 928 (92.80%) -- Ticket Income $185,600
Game was played at the Wells Fargo Center.
Total Attendance: 16746 (93.03%)
Total Ticket Income: $1,259,440
Other Income: $188,916
Total Income: $1,448,356

Flames

5 vs 5 Forward 
   Center                   Left Wing                Right Wing               Time % Phy DF OF 
 1 Eric Staal               Brad Marchand            Bryan Rust               40     1   2  2  
 2 Patrik Berglund          Tanner Pearson           Jimmy Hayes              30     1   2  2  
 3 Victor Rask              Jake DeBrusk             Kevin Labanc             20     1   2  2  
 4 Anders Lee               David Ullstrom           Evgeny Svechnikov        10     1   2  2  

5 vs 5 Defense 
   Defense                  Defense                                           Time % Phy DF OF 
 1 Sami Vatanen             Erik Johnson                                      40     1   2  2  
 2 Esa Lindell              Christian Folin                                   30     1   2  2  
 3 Colby Robak              Rasmus Andersson                                  20     1   2  2  
 4 Sami Vatanen             Erik Johnson                                      10     1   2  2  

PowerPlay Forward 
   Center                   Left Wing                Right Wing               Time % Phy DF OF 
 1 Eric Staal               Jake DeBrusk             Bryan Rust               60     1   1  3  
 2 Patrik Berglund          Brad Marchand            Jimmy Hayes              40     1   1  3  

PowerPlay Defense
   Defense                  Defense                                           Time % Phy DF OF 
 1 Sami Vatanen             Erik Johnson                                      60     1   1  3  
 2 Esa Lindell              Rasmus Andersson                                  40     1   1  3  

Penalty Kill 4 Players Forward 
   Center                   Wing                     Time % Phy DF OF 
 1 Patrik Berglund          Bryan Rust               60     1   3  1  
 2 Eric Staal               David Ullstrom           40     1   3  1  

Penalty Kill 4 Players Defense
   Defense                  Defense                  Time % Phy DF OF 
 1 Sami Vatanen             Erik Johnson             60     1   3  1  
 2 Esa Lindell              Christian Folin          40     1   3  1  

Penalty Kill - 3 Players Forward 
   Forward                                           Time % Phy DF OF 
 1 Patrik Berglund                                   60     1   2  2  
 2 Eric Staal                                        40     1   2  2  

Penalty Kill - 3 Players Defense
   Defense                  Defense                  Time % Phy DF OF 
 1 Sami Vatanen             Erik Johnson             60     1   2  2  
 2 Esa Lindell              Christian Folin          40     1   2  2  

4 vs 4 Forward 
   Center                   Wing                     Time % Phy DF OF 
 1 Eric Staal               Jake DeBrusk             60     1   2  2  
 2 Patrik Berglund          Bryan Rust               40     1   2  2  

4 vs 4 Defense
   Defense                  Defense                  Time % Phy DF OF 
 1 Sami Vatanen             Erik Johnson             60     1   2  2  
 2 Esa Lindell              Christian Folin          40     1   2  2  

Last Minutes Offensive
   Center                   Left Wing                Right Wing               Defense                  Defense                  
   Eric Staal               Brad Marchand            Bryan Rust               Sami Vatanen             Erik Johnson             

Last Minutes Defensive
   Center                   Left Wing                Right Wing               Defense                  Defense                  
   Eric Staal               Brad Marchand            Bryan Rust               Sami Vatanen             Erik Johnson             

Goaltenders
Starting : Christopher Gibson       
Backup : Michael Hutchinson       

Extra Forwards
Normal : Evgeny Svechnikov, Kevin Labanc, David Ullstrom - PP : Evgeny Svechnikov, Kevin Labanc - PK : Bryan Rust
Extra Defensemen
Normal : Erik Johnson, Rasmus Andersson, Esa Lindell - PP : Colby Robak - PK : Erik Johnson, Colby Robak
Penalty Shots
Eric Staal, Patrik Berglund, Bryan Rust, Jimmy Hayes, Jake DeBrusk
Custom OT Lines Forwards
Eric Staal, Patrik Berglund, Bryan Rust, Jimmy Hayes, Brad Marchand, Kevin Labanc, Tanner Pearson, Evgeny Svechnikov, David Ullstrom, Victor Rask
Custom OT Lines Defensemen
Sami Vatanen, Erik Johnson, Esa Lindell, Christian Folin, Colby Robak

Scratches
Kyle Palmieri (Healthy), Matthew Nieto (Healthy)

Flyers

5 vs 5 Forward 
   Center                   Left Wing                Right Wing               Time % Phy DF OF 
 1 Jordan Nolan             Nick Ritchie             Travis Konecny           40     0   2  3  
 2 Kevin Hayes              Max Pacioretty           Kasperi Kapanen          30     0   2  3  
 3 Calle Jarnkrok           Samuel Morin             Niclas Bergfors          22     0   3  2  
 4 Lucas Wallmarkk          Michael Bournival        Alexandre Grenier        8      1   3  1  

5 vs 5 Defense 
   Defense                  Defense                                           Time % Phy DF OF 
 1 Hampus Lindholm          Brian Lashoff                                     40     0   3  2  
 2 Jacob Trouba             Erik Karlsson                                     33     0   2  3  
 3 Nathan Beaulieu          Cal Foote                                         20     0   3  2  
 4 Hampus Lindholm          Erik Karlsson                                     7      0   2  3  

PowerPlay Forward 
   Center                   Left Wing                Right Wing               Time % Phy DF OF 
 1 Jordan Nolan             Nick Ritchie             Travis Konecny           55     0   1  4  
 2 Kevin Hayes              Max Pacioretty           Kasperi Kapanen          45     0   1  4  

PowerPlay Defense
   Defense                  Defense                                           Time % Phy DF OF 
 1 Hampus Lindholm          Brian Lashoff                                     55     0   1  4  
 2 Nathan Beaulieu          Jacob Trouba                                      45     0   1  4  

Penalty Kill 4 Players Forward 
   Center                   Wing                     Time % Phy DF OF 
 1 Kevin Hayes              Samuel Morin             60     1   4  0  
 2 Calle Jarnkrok           Max Pacioretty           40     1   4  0  

Penalty Kill 4 Players Defense
   Defense                  Defense                  Time % Phy DF OF 
 1 Hampus Lindholm          Brian Lashoff            55     1   4  0  
 2 Jacob Trouba             Cal Foote                45     1   4  0  

Penalty Kill - 3 Players Forward 
   Forward                                           Time % Phy DF OF 
 1 Kevin Hayes                                       55     1   4  0  
 2 Jordan Nolan                                      45     1   4  0  

Penalty Kill - 3 Players Defense
   Defense                  Defense                  Time % Phy DF OF 
 1 Hampus Lindholm          Brian Lashoff            55     1   4  0  
 2 Jacob Trouba             Cal Foote                45     1   4  0  

4 vs 4 Forward 
   Center                   Wing                     Time % Phy DF OF 
 1 Jordan Nolan             Nick Ritchie             55     0   2  3  
 2 Kevin Hayes              Kasperi Kapanen          45     0   2  3  

4 vs 4 Defense
   Defense                  Defense                  Time % Phy DF OF 
 1 Hampus Lindholm          Brian Lashoff            55     0   3  2  
 2 Jacob Trouba             Erik Karlsson            45     0   3  2  

Last Minutes Offensive
   Center                   Left Wing                Right Wing               Defense                  Defense                  
   Jordan Nolan             Nick Ritchie             Kasperi Kapanen          Hampus Lindholm          Brian Lashoff            

Last Minutes Defensive
   Center                   Left Wing                Right Wing               Defense                  Defense                  
   Kevin Hayes              Samuel Morin             Kasperi Kapanen          Hampus Lindholm          Brian Lashoff            

Goaltenders
Starting : Steve Mason              
Backup : Ilya Sorokin             

Extra Forwards
Normal : Nick Ritchie, Kasperi Kapanen, Calle Jarnkrok - PP : Nick Ritchie, Kevin Hayes - PK : Nick Ritchie
Extra Defensemen
Normal : Hampus Lindholm, Erik Karlsson, Nathan Beaulieu - PP : Hampus Lindholm - PK : Hampus Lindholm, Erik Karlsson
Penalty Shots
Niclas Bergfors, Jordan Nolan, Kasperi Kapanen, Travis Konecny, Nick Ritchie
Custom OT Lines Forwards
Jordan Nolan, Nick Ritchie, Kasperi Kapanen, Niclas Bergfors, Travis Konecny, Max Pacioretty, Samuel Morin, Kevin Hayes, Calle Jarnkrok, Michael Bournival
Custom OT Lines Defensemen
Hampus Lindholm, Brian Lashoff, Erik Karlsson, Nathan Beaulieu, Jacob Trouba

Scratches
None


% Time on Ice - Flames

Lines # - Real PCT - Wanted PCT - Time Play
Normal Forward
1 - 28% - 40% - 10:31
2 - 26% - 30% - 9:51
3 - 24% - 20% - 9:11
4 - 22% - 10% - 8:12
Normal Defense
1 - 42% - 40% - 15:44
2 - 33% - 30% - 12:35
3 - 23% - 20% - 8:51
4 - 2% - 10% - 0:35
PP Forward
1 - 65% - 60% - 8:32
2 - 35% - 40% - 4:37
PP Defense
1 - 64% - 60% - 8:23
2 - 36% - 40% - 4:46
PK Forward
1 - 69% - 60% - 6:18
2 - 31% - 40% - 2:48
PK Defense
1 - 68% - 60% - 6:14
2 - 32% - 40% - 2:52
PK3 Forward
1 - 0% - 60%
2 - 0% - 40%
PK3 Defense
1 - 0% - 60%
2 - 0% - 40%
44 Forward
1 - 0% - 60%
2 - 0% - 40%
44 Defense
1 - 0% - 60%
2 - 0% - 40%
Last Minute Offensive  - 0:00
Last Minute Defensive  - 0:00
Total
Forward - 60:00
Defense - 60:00

% Time on Ice - Flyers

Lines # - Real PCT - Wanted PCT - Time Play
Normal Forward
1 - 32% - 40% - 12:02
2 - 26% - 30% - 9:47
3 - 20% - 22% - 7:25
4 - 23% - 8% - 8:31
Normal Defense
1 - 38% - 40% - 14:17
2 - 35% - 33% - 13:08
3 - 24% - 20% - 9:01
4 - 3% - 7% - 1:19
PP Forward
1 - 58% - 55% - 5:17
2 - 42% - 45% - 3:49
PP Defense
1 - 63% - 55% - 5:43
2 - 37% - 45% - 3:23
PK Forward
1 - 75% - 60% - 9:52
2 - 25% - 40% - 3:17
PK Defense
1 - 57% - 55% - 7:26
2 - 43% - 45% - 5:43
PK3 Forward
1 - 0% - 55%
2 - 0% - 45%
PK3 Defense
1 - 0% - 55%
2 - 0% - 45%
44 Forward
1 - 0% - 55%
2 - 0% - 45%
44 Defense
1 - 0% - 55%
2 - 0% - 45%
Last Minute Offensive  - 0:00
Last Minute Defensive  - 0:00
Total
Forward - 60:00
Defense - 60:00

Play-by-Play

1st period


0:01 of 1st period - Eric Staal wins face-off versus Jordan Nolan in neutral zone.
0:08 of 1st period - Wrist shot by Brad Marchand.
0:08 of 1st period - Shot Misses the Net.
0:10 of 1st period - Snap shot by Brad Marchand.
0:10 of 1st period - Goal by Brad Marchand - Flames : 1 - Flyers : 0.
0:11 of 1st period - Patrik Berglund wins face-off versus Kevin Hayes in neutral zone.
0:44 of 1st period - Esa Lindell is hit by Nathan Beaulieu and loses puck.
1:06 of 1st period - Slapshot by Sami Vatanen.
1:06 of 1st period - Stopped by Steve Mason without a rebound.
1:07 of 1st period - Anders Lee wins face-off versus Nick Ritchie in Flyers zone.
1:10 of 1st period - Snap shot by Sami Vatanen.
1:10 of 1st period - Shot Blocked by Brian Lashoff.
1:21 of 1st period - Snap shot by Sami Vatanen.
1:21 of 1st period - Shot Misses the Net.
1:23 of 1st period - Slapshot by Erik Johnson.
1:23 of 1st period - Deflect By Jordan Nolan.
1:23 of 1st period - Stopped by Steve Mason without a rebound.
1:24 of 1st period - Max Pacioretty wins face-off versus Eric Staal in Flyers zone.
1:26 of 1st period - Minor Penalty to Kasperi Kapanen for Roughing.
1:27 of 1st period - Eric Staal wins face-off versus Kevin Hayes in Flyers zone.
2:13 of 1st period - Wrist shot by Sami Vatanen.
2:13 of 1st period - Deflect By Samuel Morin.
2:13 of 1st period - Stopped by Steve Mason with a rebound.
2:47 of 1st period - Slapshot by Jake DeBrusk.
2:47 of 1st period - Stopped by Steve Mason with a rebound.
2:49 of 1st period - Slapshot by Bryan Rust.
2:49 of 1st period - Shot Blocked by Jacob Trouba.
2:51 of 1st period - Slapshot by Erik Johnson.
2:51 of 1st period - Stopped by Steve Mason with a rebound.
3:19 of 1st period - Slapshot by Eric Staal.
3:19 of 1st period - Stopped by Steve Mason with a rebound.
3:21 of 1st period - Snap shot by Sami Vatanen.
3:21 of 1st period - Shot Misses the Net.
3:26 of 1st period - Penalty to Kasperi Kapanen is over, Kasperi Kapanen is back on ice.
3:31 of 1st period - Wrist shot by Eric Staal.
3:31 of 1st period - Shot Misses the Net.
3:33 of 1st period - Wrist shot by Bryan Rust.
3:33 of 1st period - Shot Misses the Net.
3:35 of 1st period - Wrist shot by Bryan Rust.
3:35 of 1st period - Stopped by Steve Mason with a rebound.
3:47 of 1st period - Wrist shot by Jake DeBrusk.
3:47 of 1st period - Deflect By Kevin Hayes.
3:47 of 1st period - Shot Misses the Net.
3:47 of 1st period - Puck is out of play.
3:48 of 1st period - Patrik Berglund wins face-off versus Jordan Nolan in Flyers zone.
3:53 of 1st period - Wrist shot by Patrik Berglund.
3:53 of 1st period - Shot Blocked by Brian Lashoff.
4:39 of 1st period - Christian Folin is hit by Nick Ritchie and loses puck.
4:52 of 1st period - Evgeny Svechnikov is hit by Hampus Lindholm and loses puck.
7:53 of 1st period - Brad Marchand is hit by Niclas Bergfors and loses puck.
8:53 of 1st period - Esa Lindell is hit by Kevin Hayes and loses puck.
9:10 of 1st period - Christian Folin is hit by Calle Jarnkrok and loses puck.
9:28 of 1st period - Sami Vatanen is hit by Hampus Lindholm and loses puck.
10:04 of 1st period - Kasperi Kapanen is hit by Rasmus Andersson and loses puck.
10:11 of 1st period - Rasmus Andersson is hit by Hampus Lindholm and loses puck.
10:24 of 1st period - Evgeny Svechnikov is hit by Calle Jarnkrok and loses puck.
10:29 of 1st period - Snap shot by Niclas Bergfors.
10:29 of 1st period - Stopped by Christopher Gibson with a rebound.
10:31 of 1st period - Wrist shot by Niclas Bergfors.
10:31 of 1st period - Deflect By Calle Jarnkrok.
10:31 of 1st period - Stopped by Christopher Gibson without a rebound.
10:32 of 1st period - Jordan Nolan wins face-off versus Patrik Berglund in Flames zone.
10:45 of 1st period - Hampus Lindholm is hit by Jimmy Hayes and loses puck.
11:05 of 1st period - Samuel Morin is hit by Sami Vatanen and loses puck.
12:04 of 1st period - Snap shot by Jordan Nolan.
12:04 of 1st period - Shot Misses the Net.
12:06 of 1st period - Slapshot by Jacob Trouba.
12:06 of 1st period - Shot Misses the Net.
12:08 of 1st period - Slapshot by Jacob Trouba.
12:08 of 1st period - Stopped by Christopher Gibson without a rebound.
12:09 of 1st period - Victor Rask wins face-off versus Kevin Hayes in Flames zone.
12:36 of 1st period - Erik Johnson is hit by Niclas Bergfors and loses puck.
12:43 of 1st period - Slapshot by Samuel Morin.
12:43 of 1st period - Deflect By Calle Jarnkrok.
12:43 of 1st period - Stopped by Christopher Gibson without a rebound.
12:44 of 1st period - Eric Staal wins face-off versus Jordan Nolan in Flames zone.
13:10 of 1st period - Jacob Trouba is hit by Tanner Pearson and loses puck.
13:21 of 1st period - Snap shot by Erik Karlsson.
13:21 of 1st period - Shot Misses the Net.
13:46 of 1st period - Wrist shot by Niclas Bergfors.
13:46 of 1st period - Deflect By Calle Jarnkrok.
13:46 of 1st period - Stopped by Christopher Gibson without a rebound.
13:47 of 1st period - Eric Staal wins face-off versus Jordan Nolan in Flames zone.
14:14 of 1st period - Max Pacioretty is hit by Jimmy Hayes and loses puck.
14:42 of 1st period - Icing by Jake DeBrusk.
14:43 of 1st period - Victor Rask wins face-off versus Lucas Wallmarkk in Flames zone.
15:22 of 1st period - Brian Lashoff is hit by Victor Rask and loses puck.
15:34 of 1st period - Minor Penalty to Victor Rask for Holding.
15:35 of 1st period - Patrik Berglund wins face-off versus Jordan Nolan in Flames zone.
16:53 of 1st period - Erik Johnson is hit by Kevin Hayes and loses puck.
17:34 of 1st period - Penalty to Victor Rask is over, Victor Rask is back on ice.
17:43 of 1st period - Minor Penalty to Brian Lashoff for Tripping.
17:44 of 1st period - Kevin Hayes wins face-off versus Eric Staal in Flyers zone.
17:52 of 1st period - Hampus Lindholm is hit by Eric Staal and loses puck.
18:32 of 1st period - Icing by Bryan Rust.
18:33 of 1st period - Kevin Hayes wins face-off versus Eric Staal in Flames zone.
19:43 of 1st period - Penalty to Brian Lashoff is over, Brian Lashoff is back on ice.
Goals for this period are 1 for Flames vs 0 for Flyers.
Shots for this period are 8 for Flames vs 5 for Flyers.

2nd period


0:01 of 2nd period - Jordan Nolan wins face-off versus Eric Staal in neutral zone.
0:06 of 2nd period - Wrist shot by Jordan Nolan.
0:06 of 2nd period - Stopped by Christopher Gibson with a rebound.
0:08 of 2nd period - Slapshot by Travis Konecny.
0:08 of 2nd period - Goal by Travis Konecny - Flames : 1 - Flyers : 1.
0:09 of 2nd period - Eric Staal wins face-off versus Jordan Nolan in neutral zone.
0:22 of 2nd period - Wrist shot by Eric Staal.
0:22 of 2nd period - Shot Blocked by Nick Ritchie.
0:24 of 2nd period - Wrist shot by Eric Staal.
0:24 of 2nd period - Shot Blocked by Brian Lashoff.
0:26 of 2nd period - Slapshot by Brad Marchand.
0:26 of 2nd period - Stopped by Steve Mason without a rebound.
0:27 of 2nd period - Patrik Berglund wins face-off versus Kevin Hayes in Flyers zone.
0:41 of 2nd period - Double Minor Penalty to Erik Johnson for Slashing.
0:42 of 2nd period - Travis Konecny wins face-off versus Patrik Berglund in Flames zone.
0:58 of 2nd period - Snap shot by Travis Konecny.
0:58 of 2nd period - Goal by Travis Konecny - Flames : 1 - Flyers : 2.
0:59 of 2nd period - Patrik Berglund wins face-off versus Jordan Nolan in neutral zone.
1:10 of 2nd period - Wrist shot by Bryan Rust.
1:10 of 2nd period - Goal by Bryan Rust - Flames : 2 - Flyers : 2.
1:11 of 2nd period - Patrik Berglund wins face-off versus Jordan Nolan in neutral zone.
1:46 of 2nd period - Snap shot by Kevin Hayes.
1:46 of 2nd period - Stopped by Christopher Gibson without a rebound.
1:47 of 2nd period - Eric Staal wins face-off versus Kevin Hayes in Flames zone.
2:04 of 2nd period - Snap shot by Kevin Hayes.
2:04 of 2nd period - Shot Misses the Net.
2:18 of 2nd period - Slapshot by Hampus Lindholm.
2:18 of 2nd period - Stopped by Christopher Gibson without a rebound.
2:19 of 2nd period - Nick Ritchie wins face-off versus Patrik Berglund in Flames zone.
2:49 of 2nd period - Slapshot by Travis Konecny.
2:49 of 2nd period - Shot Blocked by Colby Robak.
2:51 of 2nd period - Slapshot by Hampus Lindholm.
2:51 of 2nd period - Shot Blocked by Sami Vatanen.
2:53 of 2nd period - Slapshot by Hampus Lindholm.
2:53 of 2nd period - Shot Misses the Net.
2:55 of 2nd period - Snap shot by Travis Konecny.
2:55 of 2nd period - Shot Blocked by Bryan Rust.
2:58 of 2nd period - Penalty to Erik Johnson is over, Erik Johnson is back on ice.
2:59 of 2nd period - Slapshot by Hampus Lindholm.
2:59 of 2nd period - Deflect By Jordan Nolan.
2:59 of 2nd period - Stopped by Christopher Gibson without a rebound.
3:00 of 2nd period - Kevin Hayes wins face-off versus Victor Rask in Flames zone.
3:26 of 2nd period - Esa Lindell is hit by Niclas Bergfors.
3:33 of 2nd period - Slapshot by Sami Vatanen.
3:33 of 2nd period - Deflect By David Ullstrom.
3:33 of 2nd period - Deflect By Calle Jarnkrok.
3:33 of 2nd period - Shot Misses the Net.
3:33 of 2nd period - Puck is out of play.
3:34 of 2nd period - Eric Staal wins face-off versus Jordan Nolan in Flyers zone.
3:35 of 2nd period - Wrist shot by Brad Marchand.
3:35 of 2nd period - Stopped by Steve Mason with a rebound.
4:02 of 2nd period - Icing by Hampus Lindholm.
4:03 of 2nd period - Kevin Hayes wins face-off versus Patrik Berglund in Flyers zone.
4:17 of 2nd period - Off-side.
4:18 of 2nd period - Eric Staal wins face-off versus Jordan Nolan in neutral zone.
4:53 of 2nd period - Slapshot by Erik Johnson.
4:53 of 2nd period - Shot Misses the Net.
4:55 of 2nd period - Slapshot by Sami Vatanen.
4:55 of 2nd period - Deflect By Erik Karlsson.
4:55 of 2nd period - Stopped by Steve Mason without a rebound.
4:56 of 2nd period - Jordan Nolan wins face-off versus Patrik Berglund in Flyers zone.
5:47 of 2nd period - Slapshot by Esa Lindell.
5:47 of 2nd period - Deflect By Victor Rask.
5:47 of 2nd period - Stopped by Steve Mason without a rebound.
5:48 of 2nd period - Lucas Wallmarkk wins face-off versus Victor Rask in Flyers zone.
5:48 of 2nd period - Lucas Wallmarkk is hit by Erik Johnson.
6:04 of 2nd period - Sami Vatanen is hit by Lucas Wallmarkk and loses puck.
6:14 of 2nd period - Minor Penalty to Victor Rask for Delaying the game.
6:15 of 2nd period - Jordan Nolan wins face-off versus Patrik Berglund in Flames zone.
6:51 of 2nd period - Slapshot by Christian Folin.
6:51 of 2nd period - Stopped by Steve Mason with a rebound.
6:53 of 2nd period - Slapshot by Christian Folin.
6:53 of 2nd period - Deflect By Hampus Lindholm.
6:53 of 2nd period - Stopped by Steve Mason without a rebound.
6:54 of 2nd period - Eric Staal wins face-off versus Jordan Nolan in Flyers zone.
7:25 of 2nd period - Slapshot by Jacob Trouba.
7:25 of 2nd period - Stopped by Christopher Gibson with a rebound.
7:27 of 2nd period - Wrist shot by Kasperi Kapanen.
7:27 of 2nd period - Shot Misses the Net.
7:33 of 2nd period - Wrist shot by Kevin Hayes.
7:33 of 2nd period - Stopped by Christopher Gibson with a rebound.
8:14 of 2nd period - Penalty to Victor Rask is over, Victor Rask is back on ice.
8:51 of 2nd period - Slapshot by Rasmus Andersson.
8:51 of 2nd period - Stopped by Steve Mason with a rebound.
8:53 of 2nd period - Snap shot by Evgeny Svechnikov.
8:53 of 2nd period - Shot Misses the Net.
9:17 of 2nd period - Wrist shot by Kasperi Kapanen.
9:17 of 2nd period - Deflect By Kevin Hayes.
9:17 of 2nd period - Stopped by Christopher Gibson with a rebound.
9:54 of 2nd period - Wrist shot by Michael Bournival.
9:54 of 2nd period - Stopped by Christopher Gibson without a rebound.
9:55 of 2nd period - Jordan Nolan wins face-off versus Brad Marchand in Flames zone.
10:09 of 2nd period - Minor Penalty to Jordan Nolan for Slashing.
10:10 of 2nd period - Kevin Hayes wins face-off versus Eric Staal in Flyers zone.
12:08 of 2nd period - Jimmy Hayes is hit by Michael Bournival and loses puck.
12:09 of 2nd period - Penalty to Jordan Nolan is over, Jordan Nolan is back on ice.
12:39 of 2nd period - Erik Johnson is hit by Jordan Nolan and loses puck.
14:08 of 2nd period - Icing by Travis Konecny.
14:09 of 2nd period - Victor Rask wins face-off versus Jordan Nolan in Flyers zone.
14:16 of 2nd period - Slapshot by Kevin Labanc.
14:16 of 2nd period - Stopped by Steve Mason with a rebound.
14:26 of 2nd period - Wrist shot by Jacob Trouba.
14:26 of 2nd period - Shot Blocked by Anders Lee.
14:28 of 2nd period - Wrist shot by Max Pacioretty.
14:28 of 2nd period - Shot Misses the Net.
14:44 of 2nd period - Minor Penalty to Colby Robak for Holding Stick.
14:45 of 2nd period - Patrik Berglund wins face-off versus Jordan Nolan in Flames zone.
15:02 of 2nd period - Bryan Rust is hit by Travis Konecny and loses puck.
15:37 of 2nd period - Slapshot by Hampus Lindholm.
15:37 of 2nd period - Deflect By Christian Folin.
15:37 of 2nd period - Goal by Hampus Lindholm - Flames : 2 - Flyers : 3.
15:38 of 2nd period - Brad Marchand wins face-off versus Jordan Nolan in neutral zone.
15:43 of 2nd period - Cal Foote is hit by Brad Marchand.
16:16 of 2nd period - Minor Penalty to Kevin Hayes for Hooking.
16:17 of 2nd period - Nick Ritchie wins face-off versus Eric Staal in Flyers zone.
18:16 of 2nd period - Penalty to Kevin Hayes is over, Kevin Hayes is back on ice.
18:24 of 2nd period - Sami Vatanen is hit by Michael Bournival and loses puck.
18:48 of 2nd period - Wrist shot by Evgeny Svechnikov.
18:48 of 2nd period - Shot Blocked by Kevin Hayes.
19:06 of 2nd period - Snap shot by Anders Lee.
19:06 of 2nd period - Shot Misses the Net.
19:08 of 2nd period - Snap shot by David Ullstrom.
19:08 of 2nd period - Stopped by Steve Mason without a rebound.
19:09 of 2nd period - Jordan Nolan wins face-off versus Jimmy Hayes in Flyers zone.
19:16 of 2nd period - Slapshot by Christian Folin.
19:16 of 2nd period - Shot Blocked by Travis Konecny.
19:18 of 2nd period - Snap shot by Esa Lindell.
19:18 of 2nd period - Stopped by Steve Mason with a rebound.
19:20 of 2nd period - Wrist shot by Jimmy Hayes.
19:20 of 2nd period - Shot Misses the Net.
19:54 of 2nd period - Minor Penalty to Cal Foote for Interference.
19:55 of 2nd period - Eric Staal wins face-off versus Kevin Hayes in Flyers zone.
Goals for this period are 1 for Flames vs 3 for Flyers.
Shots for this period are 11 for Flames vs 11 for Flyers.

3rd period


0:01 of 3rd period - Kevin Hayes wins face-off versus Eric Staal in neutral zone.
0:16 of 3rd period - Snap shot by Kevin Hayes.
0:16 of 3rd period - Goal by Kevin Hayes - Flames : 2 - Flyers : 4.
0:16 of 3rd period - Michael Hutchinson enters game.
0:17 of 3rd period - Samuel Morin wins face-off versus Eric Staal in neutral zone.
0:22 of 3rd period - Erik Johnson is hit by Samuel Morin and loses puck.
0:41 of 3rd period - Hampus Lindholm is hit by Erik Johnson.
1:07 of 3rd period - Snap shot by Jake DeBrusk.
1:07 of 3rd period - Shot Misses the Net.
1:09 of 3rd period - Wrist shot by Eric Staal.
1:09 of 3rd period - Deflect By Bryan Rust.
1:09 of 3rd period - Goal by Bryan Rust - Flames : 3 - Flyers : 4.
1:10 of 3rd period - Patrik Berglund wins face-off versus Jordan Nolan in neutral zone.
1:22 of 3rd period - Minor Penalty to Christian Folin for Tripping.
1:23 of 3rd period - Jordan Nolan wins face-off versus Patrik Berglund in Flames zone.
1:29 of 3rd period - Slapshot by Jordan Nolan.
1:29 of 3rd period - Shot Misses the Net.
1:31 of 3rd period - Snap shot by Brian Lashoff.
1:31 of 3rd period - Shot Misses the Net.
1:37 of 3rd period - Snap shot by Nick Ritchie.
1:37 of 3rd period - Shot Misses the Net.
2:34 of 3rd period - Esa Lindell is hit by Travis Konecny and loses puck.
3:22 of 3rd period - Penalty to Christian Folin is over, Christian Folin is back on ice.
3:39 of 3rd period - Slapshot by Kevin Labanc.
3:39 of 3rd period - Stopped by Steve Mason with a rebound.
3:59 of 3rd period - Wrist shot by Michael Bournival.
3:59 of 3rd period - Stopped by Michael Hutchinson without a rebound.
4:00 of 3rd period - Calle Jarnkrok wins face-off versus Anders Lee in Flames zone.
4:21 of 3rd period - Evgeny Svechnikov is hit by Samuel Morin and loses puck.
4:32 of 3rd period - Snap shot by Anders Lee.
4:32 of 3rd period - Stopped by Steve Mason with a rebound.
4:34 of 3rd period - Snap shot by Anders Lee.
4:34 of 3rd period - Stopped by Steve Mason without a rebound.
4:35 of 3rd period - Jordan Nolan wins face-off versus Eric Staal in Flyers zone.
4:42 of 3rd period - Erik Johnson is hit by Jordan Nolan and loses puck.
5:09 of 3rd period - Bryan Rust is hit by Kasperi Kapanen and loses puck.
5:32 of 3rd period - Slapshot by Sami Vatanen.
5:32 of 3rd period - Shot Misses the Net.
5:34 of 3rd period - Slapshot by Eric Staal.
5:34 of 3rd period - Stopped by Steve Mason without a rebound.
5:35 of 3rd period - Jordan Nolan wins face-off versus Patrik Berglund in Flyers zone.
6:34 of 3rd period - Snap shot by Alexandre Grenier.
6:34 of 3rd period - Shot Misses the Net.
6:53 of 3rd period - Snap shot by Calle Jarnkrok.
6:53 of 3rd period - Goal by Calle Jarnkrok - Flames : 3 - Flyers : 5.
6:54 of 3rd period - Jordan Nolan wins face-off versus Eric Staal in neutral zone.
7:42 of 3rd period - Snap shot by Niclas Bergfors.
7:42 of 3rd period - Shot Blocked by Esa Lindell.
8:02 of 3rd period - Slapshot by Hampus Lindholm.
8:02 of 3rd period - Stopped by Michael Hutchinson with a rebound.
8:04 of 3rd period - Wrist shot by Lucas Wallmarkk.
8:04 of 3rd period - Stopped by Michael Hutchinson with a rebound.
8:08 of 3rd period - Slapshot by Hampus Lindholm.
8:08 of 3rd period - Deflect By Lucas Wallmarkk.
8:08 of 3rd period - Shot Misses the Net.
8:08 of 3rd period - Puck is out of play.
8:09 of 3rd period - Patrik Berglund wins face-off versus Lucas Wallmarkk in Flames zone.
8:24 of 3rd period - Slapshot by Tanner Pearson.
8:24 of 3rd period - Stopped by Steve Mason with a rebound.
8:37 of 3rd period - Icing by Lucas Wallmarkk.
8:38 of 3rd period - Eric Staal wins face-off versus Lucas Wallmarkk in Flyers zone.
8:47 of 3rd period - Brad Marchand is hit by Nathan Beaulieu and loses puck.
9:20 of 3rd period - Bryan Rust is hit by Alexandre Grenier and loses puck.
9:27 of 3rd period - Wrist shot by Michael Bournival.
9:27 of 3rd period - Shot Blocked by Erik Johnson.
9:29 of 3rd period - Slapshot by Michael Bournival.
9:29 of 3rd period - Shot Blocked by Sami Vatanen.
9:31 of 3rd period - Slapshot by Nathan Beaulieu.
9:31 of 3rd period - Shot Blocked by Sami Vatanen.
9:33 of 3rd period - Slapshot by Cal Foote.
9:33 of 3rd period - Shot Hit the Post.
9:35 of 3rd period - Slapshot by Alexandre Grenier.
9:35 of 3rd period - Goal by Alexandre Grenier - Flames : 3 - Flyers : 6.
9:36 of 3rd period - Patrik Berglund wins face-off versus Jordan Nolan in neutral zone.
9:47 of 3rd period - Snap shot by Jimmy Hayes.
9:47 of 3rd period - Stopped by Steve Mason with a rebound.
10:03 of 3rd period - Max Pacioretty is hit by Kevin Labanc and loses puck.
10:14 of 3rd period - Slapshot by Erik Karlsson.
10:14 of 3rd period - Deflect By Kevin Labanc.
10:14 of 3rd period - Stopped by Michael Hutchinson without a rebound.
10:15 of 3rd period - Jordan Nolan wins face-off versus Eric Staal in Flames zone.
10:28 of 3rd period - Wrist shot by Jordan Nolan.
10:28 of 3rd period - Stopped by Michael Hutchinson with a rebound.
11:10 of 3rd period - Slapshot by Christian Folin.
11:10 of 3rd period - Shot Blocked by Samuel Morin.
11:48 of 3rd period - Wrist shot by Tanner Pearson.
11:48 of 3rd period - Stopped by Steve Mason without a rebound.
11:49 of 3rd period - Jordan Nolan wins face-off versus Patrik Berglund in Flyers zone.
12:28 of 3rd period - Snap shot by Eric Staal.
12:28 of 3rd period - Deflect By Bryan Rust.
12:28 of 3rd period - Shot Misses the Net.
12:28 of 3rd period - Puck is out of play.
12:29 of 3rd period - Eric Staal wins face-off versus Calle Jarnkrok in Flyers zone.
12:54 of 3rd period - Jimmy Hayes is hit by Brian Lashoff and loses puck.
13:15 of 3rd period - Snap shot by Victor Rask.
13:15 of 3rd period - Shot Misses the Net.
13:17 of 3rd period - Wrist shot by Jake DeBrusk.
13:17 of 3rd period - Stopped by Steve Mason with a rebound.
13:19 of 3rd period - Slapshot by Colby Robak.
13:19 of 3rd period - Stopped by Steve Mason without a rebound.
13:20 of 3rd period - Victor Rask wins face-off versus Kevin Hayes in Flyers zone.
13:27 of 3rd period - Snap shot by Jake DeBrusk.
13:27 of 3rd period - Shot Misses the Net.
13:29 of 3rd period - Snap shot by Jake DeBrusk.
13:29 of 3rd period - Stopped by Steve Mason without a rebound.
13:30 of 3rd period - Kevin Hayes wins face-off versus Eric Staal in Flyers zone.
14:16 of 3rd period - Minor Penalty to Kasperi Kapanen for Tripping.
14:17 of 3rd period - Eric Staal wins face-off versus Kevin Hayes in Flyers zone.
14:18 of 3rd period - Snap shot by Bryan Rust.
14:18 of 3rd period - Stopped by Steve Mason without a rebound.
14:19 of 3rd period - Kevin Hayes wins face-off versus Eric Staal in Flyers zone.
16:16 of 3rd period - Penalty to Kasperi Kapanen is over, Kasperi Kapanen is back on ice.
16:22 of 3rd period - Slapshot by Erik Karlsson.
16:22 of 3rd period - Stopped by Michael Hutchinson with a rebound.
16:24 of 3rd period - Slapshot by Erik Karlsson.
16:24 of 3rd period - Stopped by Michael Hutchinson with a rebound.
16:26 of 3rd period - Slapshot by Erik Karlsson.
16:26 of 3rd period - Shot Misses the Net.
16:34 of 3rd period - Esa Lindell is hit by Michael Bournival and loses puck.
16:45 of 3rd period - Slapshot by Travis Konecny.
16:45 of 3rd period - Stopped by Michael Hutchinson with a rebound.
16:47 of 3rd period - Wrist shot by Nick Ritchie.
16:47 of 3rd period - Shot Misses the Net.
16:49 of 3rd period - Wrist shot by Erik Karlsson.
16:49 of 3rd period - Shot Blocked by Esa Lindell.
17:10 of 3rd period - Minor Penalty to Nathan Beaulieu for Slashing.
17:11 of 3rd period - Kevin Hayes wins face-off versus Patrik Berglund in Flyers zone.
17:41 of 3rd period - Sami Vatanen is hit by Brian Lashoff and loses puck.
19:10 of 3rd period - Penalty to Nathan Beaulieu is over, Nathan Beaulieu is back on ice.
19:37 of 3rd period - Snap shot by Nick Ritchie.
19:37 of 3rd period - Shot Blocked by Jake DeBrusk.
19:39 of 3rd period - Wrist shot by Travis Konecny.
19:39 of 3rd period - Deflect By Jordan Nolan.
19:39 of 3rd period - Stopped by Michael Hutchinson with a rebound.
19:53 of 3rd period - Snap shot by Samuel Morin.
19:53 of 3rd period - Shot Misses the Net.
Goals for this period are 1 for Flames vs 3 for Flyers.
Shots for this period are 12 for Flames vs 12 for Flyers. Output by the SimonT Hockey Simulator (STHS) for Francois Prevost - Original Page W3C HTML5 Valid
Hockey Simulator - Hockey Simulation - Hockey Manager